 Dungeon Crawl Stone Soup version 0.18-b1-18-g7758cf2 (webtiles) character file.

30 Chiseanne the Magician (level 3, 24/24 HPs)
             Began as a Demonspawn Wizard on May 2, 2016.
             Quit the game on level 1 of the Dungeon.
             The game lasted 00:02:39 (1145 turns).

Chiseanne the Magician (Demonspawn Wizard)          Turns: 1145, Time: 00:02:39

Health: 24/24      AC:  4    Str:  7    XL:     3   Next: 5%
Magic:  2/8        EV: 14    Int: 25    God:
Gold:   25         SH:  0    Dex: 11    Spells: 1 memorised, 8 levels left

rFire  . . .     SeeInvis .     a - +4 whip
rCold  . . .     Gourm    .     m - +0 robe
rNeg   . . .     Faith    .     (no shield)
rPois  .         Spirit   .     b - +0 hat
rElec  .         Dismiss  .     (no cloak)
rCorr  .         Reflect  .     (no gloves)
SustAt .         Harm     .     e - +1 pair of boots
MR     .....                    (no amulet)
Stlth  ++........               (no ring)
                                (no ring)

@: brilliant, very slightly contaminated, not resistant to hostile enchantments,
unstealthy
A: claws 1, hooves 1, horns 1, repulsion field 1, blurry vision 1
a: no special abilities


You were on level 1 of the Dungeon.
You were not hungry.

You visited 1 branch of the dungeon, and saw 1 of its levels.

You collected 25 gold pieces.

Inventory:

Hand Weapons
 a - a +4 whip (weapon)
Missiles
 f - 2 stones (quivered)
Armour
 b - a +0 hat (worn)
 e - a +1 pair of boots (worn)
 m - a +0 robe (worn)
Scrolls
 h - a scroll of enchant armour
Potions
 i - a potion of brilliance
Books
 c - a book of Minor Magic

   Spells                             Type                      Level
   a - Magic Dart                     Conjuration                  1
   b - Blink                          Translocation                2
   c - Call Imp                       Summoning                    2
   d - Repel Missiles                 Charms/Air                   2
   e - Slow                           Hexes                        2
   f - Conjure Flame                  Conjuration/Fire             3
   g - Mephitic Cloud                 Conjuration/Poison/Air       3
Comestibles
 d - 2 bread rations
 g - a royal jelly
 l - 4 chunks of flesh


   Skills:
 * Level 2.0 Dodging
 - Level 1.7 Stealth
 * Level 3.6 Spellcasting
 * Level 1.8 Conjurations
   Level 1.0 Summonings
   Level 0.8 Translocations


You had 8 spell levels left.
You knew the following spells:

 Your Spells              Type           Power        Failure   Level  Hunger
a - Magic Dart            Conj           ####         1%          1    None


Dungeon Overview and Level Annotations

Branches:
Dungeon (1/15)

Altars:


Innate Abilities, Weirdness & Mutations

You have sharp fingernails.
You are surrounded by a mild repulsion field (EV +2).
You have large cloven feet.
You have a pair of small horns on your head.
Scrolls take you a little longer to read.


Message History

You hit the jackal.
You kill the jackal!
k - a fizzy clear potion
n - a scroll labeled NAEHAH ETATZU Read which item? (? for menu, Esc to quit)
As you read the scroll labeled WOTWOZX DENWO, it crumbles to dust.
You hear a loud clanging noise!
It was a scroll of noise.
You hear a shout! x2
Read which item? (? for menu, Esc to quit)
As you read the scroll labeled NAEHAH ETATZU, it crumbles to dust.
You feel blessed for a moment.
It was a scroll of remove curse.
Drink which item? (? for menu, Esc to quit)
It was a potion of brilliance.
You feel clever all of a sudden.
Drink which item? (? for menu, Esc to quit)
It was a potion of mutation.
You feel extremely strange.
Your vision blurs.
Your feet thicken and deform.
A pair of horns grows on your head!
Are you sure you want to abandon this character and quit the game? (Confirm with "yes".)

.# #.# .# #.# .#
########.#
#........#
#.######## #.#
#.# #######.#
#..@....#
#...............#
#####.###########
#. #


There were no monsters in sight!

Vanquished Creatures
  2 dart slugs (D:1)
  2 bats (D:1)
  A giant cockroach (D:1)
  4 goblins (D:1)
  A hobgoblin (D:1)
  7 jackals (D:1)
  2 kobolds (D:1)
  4 rats (D:1)
23 creatures vanquished.

Notes
Turn   | Place    | Note
--------------------------------------------------------------
     0 | D:1      | Chiseanne the Demonspawn Wizard began the quest for the Orb.
     0 | D:1      | Reached XP level 1. HP: 13/13 MP: 4/4
   442 | D:1      | Gained mutation: You are surrounded by a mild repulsion field (EV +2). [demonic ancestry]
   442 | D:1      | Reached XP level 2. HP: 19/19 MP: 0/6
  1132 | D:1      | Gained mutation: You have sharp fingernails. [demonic ancestry]
  1132 | D:1      | Reached XP level 3. HP: 24/24 MP: 0/8
  1144 | D:1      | Gained mutation: Scrolls take you a little longer to read. [potion of mutation]
  1144 | D:1      | Gained mutation: You have large cloven feet. [potion of mutation]
  1144 | D:1      | Gained mutation: You have a pair of small horns on your head. [potion of mutation]
  1145 | D:1      | Quit the game

Skill      XL: |  1  2 |
---------------+-------+-----
Dodging        | 2 |  2.0
Stealth        | |  1.7
Spellcasting   | |  3.6
Conjurations   | |  1.8
Summonings     | |  1.0
Translocations | |  0.8

Action                   || total
-------------------------++-------
Melee: Dagger            ||    44
       Whip              ||     7
 Cast: Magic Dart        ||    46
  Use: Scroll            ||     6
       Potion            ||     2
  Eat: Chunk             ||     1
Armor: Robe              ||    25
Dodge: Dodged            ||    60
